AoeStats
← schniggo

Arabia

510079754Analyzed
2v2 RM · 5d ago on Sep 29, 2026· 45m 52s· 4 players
Game mode
Random Map
Map size
Medium (4 player)
Population
200
Speed
Normal
Resources
Standard
Victory
Conquest
Starting age
Dark Age
Ending age
Imperial Age
RankedLock teamsTeams togetherTeam positionsShared explorationLock speedFull tech treeHidden civsTurbo modeCheats
Victory
Defeat
🇩🇪 Byzantines · Germany
1198
+13
🇩🇪 Magyars · Germany
1181
+14
🇹🇼 Magyars · Taiwan
1140
-14
🇲🇹 Mongols · Malta
1126
-13
5A
2:20 Loom
9:16 Feudal Age
11:25 Double-Bit Axe
12:47 Scale Barding Armor
13:47 Horse Collar
18:27 Bloodlines
26:14 Castle Age
24:59 Gold Mining
25:29 Padded Archer Armor
26:04 Fletching
27:51 Elite Skirmisher
30:20 Husbandry
32:35 Chain Barding Armor
33:14 Leather Archer Armor
39:37 Wheelbarrow
45:56 Imperial Age
JuLi4n00
5:44 Loom
9:18 Feudal Age
12:13 Fletching
12:24 Padded Archer Armor
15:45 Double-Bit Axe
15:42 Horse Collar
22:58 Castle Age
23:02 Elite Skirmisher
23:39 Bodkin Arrow
24:32 Leather Archer Armor
24:00 Crossbowman
27:17 Ballistics
28:06 Wheelbarrow
37:25 Imperial Age
38:15 Bracer
39:17 Chemistry
40:05 Conscription
46:02 Drill
JoeDreck
6:27 Loom
9:48 Feudal Age
10:00 Man-at-Arms
11:15 Double-Bit Axe
11:16 Horse Collar
15:48 Fletching
19:00 Wheelbarrow
22:03 Castle Age
21:46 Padded Archer Armor
21:53 Scale Barding Armor
21:44 Gold Mining
22:43 Bodkin Arrow
22:09 Elite Skirmisher
24:37 Chain Barding Armor
25:49 Bow Saw
26:33 Elite Skirmisher
29:26 Leather Archer Armor
30:49 Stone Mining
33:33 Ballistics
33:23 Husbandry
39:01 Imperial Age
36:48 Hand Cart
38:16 Forging
39:51 Bracer
40:24 Ring Archer Armor
41:00 Iron Casting
41:34 Chemistry
42:18 Conscription
42:24 Murder Holes
44:23 Plate Barding Armor
43:45 Heavy Camel Rider
schniggo
6:53 Loom
9:59 Feudal Age
12:11 Scale Barding Armor
12:43 Double-Bit Axe
17:29 Horse Collar
20:51 Wheelbarrow
24:25 Castle Age
22:36 Gold Mining
22:51 Fletching
23:02 Padded Archer Armor
25:35 Bow Saw
25:23 Bodkin Arrow
25:38 Thumb Ring
29:00 Leather Archer Armor
30:47 Ballistics
35:58 Chain Barding Armor
35:52 Bloodlines
42:23 Imperial Age
39:42 Town Watch
41:00 Husbandry
42:04 Stone Mining
42:40 Hand Cart
43:14 Bracer
43:41 Parthian Tactics
44:35 Conscription
45:34 Gold Shaft Mining
45:02 Heavy Plow
45:50 Cavalier
Connection lost

Rejoining the realm…

Still unreachable

The connection could not be restored.

Session expired

The server has moved on; the page needs a fresh start.